 Dungeon Crawl Stone Soup version 0.29.1-12-g30fa7ad0bf (webtiles) character file.

Game seed: 17902526406650700457

10027 xian the Spear-Bearer (level 11, -9/78 HPs)
             Began as a Demonspawn Fire Elementalist on Jan 13, 2023.
             Was a Priest of Qazlal.
             Mangled by a two-headed ogre
             ... wielding a +0 giant spiked club
              (21 damage)
             ... on level 10 of the Dungeon.
             The game lasted 00:40:32 (9223 turns).

xian the Spear-Bearer (DsFE)                        Turns: 9223, Time: 00:40:33

Health: -9/78      AC: 12    Str:  9    XL:     11   Next: 30%
Magic:  7/20       EV: 16    Int: 20    God:    Qazlal [***...]
Gold:   1506       SH:  4    Dex: 14    Spells: 14/22 levels left

rFire   + . .      SeeInvis .   s - +8 demon trident "Rift" {distort, reach+}
rCold   x . .      Faith    .   (no shield)
rNeg    . . .      Spirit   .   L - +0 steam dragon scales
rPois   .          Reflect  .   e - +0 helmet
rElec   .          Harm     .   K - +2 cloak
rCorr   .          Rampage  .   (no gloves)
Will    .....                   F - +0 pair of boots
Stlth   ++........              a - amulet of regeneration
HPRegen 1.03/turn               d - ring of flight
MPRegen 0.17/turn               G - ring of fire

@: flying, studying Polearms
A: hooves 2, repulsion field 2, powered by death 1, spiny 1
a: Renounce Religion, Upheaval, Elemental Force


You were on level 10 of the Dungeon.
You worshipped Qazlal.
Qazlal was most pleased with you.
You visited 2 branches of the dungeon, and saw 11 of its levels.

You collected 1506 gold pieces.

Inventory:

Hand Weapons
 r - the +8 arbalest of the Horn {elec, rN+}
   (You acquired it on level 7 of the Dungeon)

   Any ammunition fired from it occasionally discharges a powerful burst of
   electricity upon striking a foe.
   rN:        It protects you from negative energy.
 s - the +8 demon trident "Rift" (weapon) {distort, reach+}
   (You found it on level 4 of the Dungeon)

   It warps and distorts space around it, and may blink, banish, or inflict
   extra damage upon those it strikes.
   Unwielding it can cause banishment or high damage.
   It can reach especially far, and its reaching attacks ignore other creatures
   in the way.
Missiles
 y - 19 poisoned darts
 N - a curare-tipped dart
Armour
 c - a +0 scale mail
 e - a +0 helmet (worn)
 g - a scarf of harm
 t - the +0 leather armour of Lasch {Fly rPois rF- Dex+4}
   (You took it off an orc on level 10 of the Dungeon)

   Dex:       It affects your dexterity (+4).
   rF:        It makes you vulnerable to fire.
   rPois:     It protects you from poison.
   Fly:       It grants you flight.
 F - a +0 pair of boots (worn)
 K - a +2 cloak (worn)
 L - +0 steam dragon scales (worn)
Jewellery
 a - an amulet of regeneration (around neck)
 d - a ring of flight (left hand)
 h - a ring of protection from cold
 G - a ring of fire (right hand)
Wands
 v - a wand of light (29)
 B - a wand of flame (13)
 C - a wand of iceblast (11)
 D - a wand of paralysis (16)
Scrolls
 f - 2 scrolls of poison
 j - a scroll of enchant weapon
 n - 2 scrolls of immolation
 p - a scroll of brand weapon
 u - 2 scrolls of butterflies
 A - a scroll of teleportation
 H - a scroll of enchant armour
 I - a scroll of amnesia
 M - a scroll of magic mapping {unknown}
 O - a scroll of silence {unknown}
 P - 2 scrolls of noise {unknown}
 Q - 2 scrolls of vulnerability {unknown}
Potions
 b - 3 potions of magic
 i - 2 potions of ambrosia {unknown}
 k - 3 potions of curing
 l - a potion of cancellation {unknown}
 m - 4 potions of lignification {unknown}
 o - 4 potions of heal wounds {unknown}
 w - 4 potions of degeneration {unknown}
 x - a potion of resistance
 z - 4 potions of haste {unknown}
 E - a potion of mutation
 J - a potion of might


   Skills:
 + Level 4.6 Fighting
 * Level 11.6 Polearms
 * Level 6.5 Armour
 + Level 3.7 Dodging
 + Level 4.1 Stealth
 + Level 0.1 Shields
 + Level 6.3 Spellcasting
 + Level 6.0 Conjurations
 + Level 0.3 Summonings
 + Level 6.5 Fire Magic


You had 14 spell levels left.
You knew the following spells:

 Your Spells              Type           Power      Damage    Failure   Level
a - Foxfire               Conj/Fire      100%       2x1d9     1%          1
b - Scorch                Fire           96%        2d9       1%          2
c - Flame Wave            Conj/Fire      47%        2d12      8%          4
d - Summon Small Mammal   Summ           28%        N/A       9%          1

Your spell library contained the following spells:

 Spells                   Type           Power      Damage    Failure   Level
 Conjure Flame            Conj/Fire      47%        6-21      2%          3
 Inner Flame              Hex/Fire       29%        N/A       8%          3
 Necrotise                Necr           24%        1d5       11%         1
 Call Canine Familiar     Summ           7%         N/A       26%         3
 Summon Guardian Golem    Hex/Summ       6%         N/A       28%         3
 Vampiric Draining        Necr           6%         2d6       30%         3
 Cause Fear               Hex            3%         N/A       71%         4
 Agony                    Necr           6%         N/A       96%         5
 Dragon Form              Tmut           3%         N/A       100%        7
 Dragon's Call            Summ           3%         N/A       100%        9


Dungeon Overview and Level Annotations

Branches:
Dungeon (10/15)            Temple (1/1) D:7            Lair (0/5) D:9
    Orc (0/2) D:10

Altars:
Ashenzari
Cheibriados
Fedhas
Gozag
Hepliaklqana
Makhleb
Nemelex Xobeh
Okawaru
Qazlal
Ru
Trog
Uskayaw
Vehumet
Wu Jian
Xom
Yredelemnul

Shops:
D:1 (   D:8 *   D:10 [

Annotations:
D:3 3 runed translucent doors, Cheops's ghost, amateur MiFi
D:10 1 transporter, nachturnus's ghost, journeyman DrMo


Innate Abilities, Weirdness & Mutations

You have hoof-like feet.
You are surrounded by a moderate repulsion field. (EV +3)
You regenerate a little health from kills.
You are partially covered in sharp spines.


Message History

You finish channelling waves of flame.
Unknown command.
Casting: Flame Wave (dangerous; 8% risk of failure)
Confirm with . or Enter, or press ? or * to list all spells.
Casting: Flame Wave (dangerous; 8% risk of failure)
Press: ? - help, Dir - look around, f - activate You feel a surge of power!
A wave of flame ripples out!
The flame wave engulfs the two-headed ogre.
The two-headed ogre is moderately wounded.
The flame wave engulfs the two-headed ogre!!
The two-headed ogre is almost dead.
The flame wave engulfs the two-headed ogre.
The two-headed ogre is moderately wounded. (Press . to intensify the flame waves.)
The two-headed ogre hits you with a +0 giant spiked club.
The two-headed ogre hits you with a +0 giant club!
The two-headed ogre hits you with a +0 giant spiked club!!
The two-headed ogre misses you.
The two-headed ogre completely misses you. x2
Nachturnus's ghost says, "Try not to bleed too much."
A wave of flame ripples out!
The flame wave engulfs the two-headed ogre.
The two-headed ogre is heavily wounded.
The flame wave engulfs the two-headed ogre.
The two-headed ogre is almost dead.
The flame wave engulfs the two-headed ogre!
The two-headed ogre is moderately wounded.
The flame wave engulfs the two-headed ogre!
The two-headed ogre is moderately wounded.
The flame wave engulfs nachturnus's ghost.
Nachturnus's ghost completely resists.
Nachturnus's ghost is lightly damaged.
The two-headed ogre hits you with a +0 giant club.
The two-headed ogre hits you with a +0 great mace!
The two-headed ogre is struck by your spines.
The two-headed ogre misses you.
The two-headed ogre hits you with a +0 giant club!
* * * LOW HITPOINT WARNING * * *
The two-headed ogre hits you with a +0 giant spiked club!!
You die...

#..#...##..............##..#.....
...............©.©............##.
.........##############.#####..#.
........###O...([[....#...# ##.#.
........# #.#..#.#..#.#.#.####.##
........# #..##...##..#.#...##...
........# #..##.W.##..#.###......
........# #.#.O#O#..#.#.......>..
........# #©...O@O....#.#........
##..##### #############..........
#.## #.................... #.#
###..######.......[... #.# #...##
#..#........ #.# ##.###
#..##.†..... #.# ##..#
##..#....... ##.#######..##
##......... .........).##
#.........


You could see 4 two-headed ogres and nachturnus's ghost.

Vanquished Creatures
  A hydra (D:10)
  4 two-headed ogres
  Maurice (D:8)
  A gargoyle (D:10)
  A komodo dragon (D:9)
  A troll (D:9)
  Prince Ribbit (D:5)
  A shadow (D:10)
  10 yaks
  A wyvern (D:9)
  2 steam dragons
  A two-headed ogre zombie (D:10)
  3 water moccasins
  An ice beast (D:7)
  2 black bears
  2 orc warriors
  3 centaurs
  2 ogres (D:5)
  2 phantoms
  2 kobold brigands
  3 bullfrogs
  A gnoll sergeant (D:7)
  5 scorpions
  6 howler monkeys
  3 hounds
  3 jellies
  5 orc priests
  2 gnoll boudas
  Crazy Yiuf (D:7)
  5 iguanas
  Ijyb (D:5)
  Natasha (thrice) (D:3)
  4 orc wizards
  4 ogre zombies (D:10)
  14 gnolls
  8 adders
  A shadow imp (D:6)
  A white imp (D:8)
  An ufetubus (D:7)
  A dart slug (D:2)
  21 orcs
  4 bats
  9 endoplasms
  2 giant cockroaches
  6 goblins
  8 hobgoblins
  21 kobolds
  5 quokkas
  7 ball pythons
  2 frilled lizards
  A goblin zombie (D:10)
  A hobgoblin zombie (D:10)
  5 orc skeletons (D:10)
  15 orc zombies (D:10)
  7 rats
228 creatures vanquished.

Vanquished Creatures (others)
  422 foxfires
  A plant (D:9)
423 creatures vanquished.

Grand Total: 651 creatures vanquished

Notes
Turn   | Place    | Note
-------+----------+-------------------------------------------
     0 | D:1      | xian the Demonspawn Fire Elementalist began the quest for
                  | the Orb.
     0 | D:1      | Reached XP level 1. HP: 13/13 MP: 3/3
   117 | D:1      | Found a faded altar of an unknown god.
   509 | D:1      | Gained mutation: You are surrounded by a mild repulsion
                  | field. (EV +2) [demonic ancestry]
   509 | D:1      | Reached XP level 2. HP: 19/19 MP: 0/5
   609 | D:1      | Found Atzerig's Antique Weapon Shoppe.
  1430 | D:1      | Reached XP level 3. HP: 3/24 MP: 1/6
  1430 | D:1      | HP: 1/24 [hobgoblin (2)]
  2402 | D:3      | Found a runed translucent gate.
  2402 | D:3      | Found a runed translucent gate.
  2402 | D:3      | Found a runed translucent gate.
  2403 | D:3      | Noticed Cheops's ghost (amateur MiFi)
  2443 | D:3      | Gained mutation: You are partially covered in sharp spines.
                  | [demonic ancestry]
  2443 | D:3      | Reached XP level 4. HP: 30/30 MP: 3/7
  2591 | D:3      | Noticed Natasha
  2594 | D:3      | Killed Natasha
  2780 | D:3      | Noticed Natasha
  2789 | D:3      | Killed Natasha
  3046 | D:3      | Noticed Natasha
  3054 | D:3      | Killed Natasha
  3055 | D:3      | Reached XP level 5. HP: 26/35 MP: 4/9
  3159 | D:3      | Learned a level 2 spell: Scorch
  3171 | D:3      | Learned a level 4 spell: Flame Wave
  3177 | D:3      | Learned a level 1 spell: Summon Small Mammal
  3443 | D:4      | Found the +8 demon trident "Rift" {distort, reach+}
  3776 | D:4      | Reached skill level 1 in Fighting
  3776 | D:4      | Reached skill level 1 in Polearms
  3776 | D:4      | Reached skill level 1 in Armour
  3776 | D:4      | Reached XP level 6. HP: 43/43 MP: 7/10
  3878 | D:4      | Reached skill level 2 in Polearms
  4211 | D:5      | Entered Level 5 of the Dungeon
  4217 | D:5      | Noticed Ijyb
  4225 | D:5      | Killed Ijyb
  4320 | D:5      | Reached skill level 3 in Polearms
  4320 | D:5      | Gained mutation: You have large cloven feet. [demonic
                  | ancestry]
  4320 | D:5      | Reached XP level 7. HP: 48/48 MP: 11/11
  4375 | D:5      | Reached skill level 4 in Polearms
  4470 | D:5      | Gained mutation: You regenerate a little health from kills.
                  | [demonic ancestry]
  4470 | D:5      | Reached XP level 8. HP: 47/56 MP: 13/13
  4561 | D:5      | You are sucked into a shaft and drop 2 floors!
  4571 | D:7      | Reached skill level 5 in Polearms
  4778 | D:6      | Reached skill level 6 in Polearms
  5130 | D:6      | Reached skill level 7 in Polearms
  5439 | D:5      | Noticed Prince Ribbit
  5443 | D:5      | Killed Prince Ribbit
  5444 | D:5      | Reached skill level 8 in Polearms
  5484 | D:5      | Gained mutation: You are surrounded by a moderate repulsion
                  | field. (EV +3) [demonic ancestry]
  5484 | D:5      | Reached XP level 9. HP: 60/62 MP: 9/15
  5847 | D:7      | Identified 2 scrolls of acquirement
  5848 | D:7      | Acquired 1021 gold pieces
  5849 | D:7      | Acquired the +8 arbalest of the Horn {elec, rN+}
  5895 | D:7      | Found a staircase to the Ecumenical Temple.
  5909 | Temple   | Entered the Ecumenical Temple
  6007 | Temple   | Became a worshipper of Qazlal Stormbringer
  6060 | D:7      | Found a runed translucent door.
  6061 | D:7      | Noticed Crazy Yiuf
  6066 | D:7      | Killed Crazy Yiuf
  6400 | D:7      | Reached skill level 9 in Polearms
  6455 | D:7      | Reached skill level 5 in Fire Magic
  6856 | D:8      | Reached * piety under Qazlal
  6863 | D:8      | Reached skill level 5 in Spellcasting
  6867 | D:7      | Gained mutation: You have hoof-like feet. [demonic
                  | ancestry]
  6867 | D:7      | Reached XP level 10. HP: 40/70 MP: 3/17
  7007 | D:8      | Found Zin's Purification Station.
  7056 | D:8      | Reached skill level 10 in Polearms
  7167 | D:8      | Reached skill level 5 in Armour
  7276 | D:8      | Noticed a two-headed ogre
  7289 | D:8      | Killed a two-headed ogre
  7290 | D:8      | Reached skill level 5 in Conjurations
  7724 | D:9      | Noticed a two-headed ogre
  7732 | D:9      | Killed a two-headed ogre
  8072 | D:9      | Found a staircase to the Lair.
  8177 | D:9      | Noticed Maurice
  8206 | D:8      | Killed Maurice
  8206 | D:8      | Reached ** piety under Qazlal
  8207 | D:8      | Reached skill level 11 in Polearms
  8575 | D:10     | Entered Level 10 of the Dungeon
  8576 | D:10     | Found Zaru's Armour Shoppe.
  8577 | D:10     | Noticed a two-headed ogre
  8586 | D:10     | Killed a two-headed ogre
  8587 | D:10     | Reached XP level 11. HP: 78/78 MP: 8/19
  8605 | D:10     | Identified the +0 leather armour of Lasch {Fly rPois rF-
                  | Dex+4}
  8801 | D:10     | Noticed a five-headed hydra
  8809 | D:10     | Killed a five-headed hydra
  9038 | D:10     | Found a staircase to the Orcish Mines.
  9073 | D:10     | Reached *** piety under Qazlal
  9112 | D:10     | Found a transporter.
  9122 | D:10     | Noticed a two-headed ogre
  9122 | D:10     | Noticed a two-headed ogre
  9125 | D:10     | Identified the +12 giant spiked club "Xatrifel" {freeze,
                  | Contam rElec rPois rC-}
  9125 | D:10     | Noticed a two-headed ogre
  9130 | D:10     | Noticed a two-headed ogre
  9136 | D:10     | Noticed nachturnus's ghost (journeyman DrMo)
  9184 | D:10     | Noticed a two-headed ogre
  9198 | D:10     | Found a transporter.
  9220 | D:10     | Killed a two-headed ogre
  9223 | D:10     | Mangled by a two-headed ogre

Illustrated notes

Levels and vault maps discovered:
D:1:      saegor_arrival_simple_e, layout_loops_corners, serial_shops,
          nicolae_shop_stone, hellmonk_ecumenical_altar_lost_god,
          chequers_serial_rivers_small_b
D:2:      layout_rooms, reono_crystal_passage
D:3:      layout_loops_ring, gammafunk_ghost_necromancy, uniq_natasha
D:4:      layout_basic
D:5:      layout_gridville, minmay_manual_mares, uniq_ijyb, uniq_prince_ribbit1
D:6:      layout_basic, amcnicky_mini_pool_medium
D:7:      layout_basic, minmay_temple_entry_tees, uniq_crazy_yiuf_cottage
D:8:      layout_rooms, zin_purify
D:9:      layout_basic, david_lair_shrubbed, uniq_maurice
D:10:     layout_rooms, zombieorc2_lemuel, gammafunk_ghost_smash, serial_shops,
          nicolae_diamond_shop
Temple:   compressed_dpeg_circular_temple

Skill      XL: |  1  2  3  4  5  6  7  8  9 10 11 |
---------------+----------------------------------+-----
Fire Magic     | 3 4 5 6 |  6.5
Stealth        | 2 3 4 |  4.1
Dodging        | 2 3 |  3.7
Conjurations   | 2 3 4 5 6 |  6.0
Spellcasting   | 3 4 5 6 |  6.3
Fighting       | 1 2 3 4 |  4.6
Polearms       | 1 3 4 8 9 11 | 11.6
Armour         | 1 2 3 4 6 |  6.5
Shields        | |  0.1
Summonings     | |  0.3

Action                   |  1- 3 |  4- 6 |  7- 9 | 10-12 || total
-------------------------+-------+-------+-------+-------++-------
Melee: Dagger            |     2 |       |       |       ||     2
       Unarmed           |     2 |       |       |       ||     2
       Short sword       |    16 |     5 |       |       ||    21
       Demon trident     |       |    30 |    82 |    78 ||   190
       Kick              |       |       |     3 |       ||     3
       Punch             |       |       |     2 |       ||     2
 Cast: Foxfire           |    79 |    53 |    76 |    47 ||   255
       Flame Wave        |       |       |     2 |    15 ||    17
       Summon Small Mamm |       |       |     2 |       ||     2
       Scorch            |       |       |       |     4 ||     4
  Use: Potion            |     2 |       |     1 |     1 ||     4
       Scroll            |       |     7 |     5 |     4 ||    16
 Stab: Sleeping          |     1 |     1 |     1 |       ||     3
Armor: Robe              |    13 |       |       |       ||    13
       Leather armour    |     6 |     5 |    15 |     2 ||    28
       Steam dragon scal |       |       |       |     6 ||     6
Dodge: Dodged            |    72 |    18 |    51 |    45 ||   186
Block: Other             |       |       |     1 |     4 ||     5
